 Dungeon Crawl Stone Soup version 0.29.1-1-gd02db6906a (webtiles) character file.

Game seed: 1630177699975933203

1160 Ijustatesigmund the Trooper (level 8, -1/53 HPs)
             Began as a Gargoyle Fighter on Sept 16, 2022.
             Slain by a gnoll sergeant
             ... wielding a +1 spear of freezing
              (4 damage)
             ... on level 5 of the Dungeon.
             The game lasted 00:05:07 (5111 turns).

Ijustatesigmund the Trooper (Gargoyle Fighter)      Turns: 5111, Time: 00:05:08

Health: -1/53      AC: 15    Str: 20    XL:     8   Next: 39%
Magic:  8/8        EV:  7    Int: 17    God:
Gold:   134        SH:  5    Dex:  9    Spells: 7/7 levels left

rFire   . . .      SeeInvis .   a - +2 flail
rCold   . . .      Faith    .   c - +0 buckler
rNeg    + . .      Spirit   .   b - +0 chain mail
rPois   ∞          Reflect  .   (no helmet)
rElec   +          Harm     .   (no cloak)
rCorr   .          Rampage  .   (no gloves)
Will    .....                   (no boots)
Stlth   ..........              (no amulet)
HPRegen 0.17/turn               k - +6 ring of intelligence
MPRegen 0.11/turn               (no ring)

@: no status effects
A: sickness immunity, AC +5, negative energy resistance 1, electricity
resistance, torment resistance 1, petrification resistance
a: no special abilities


You were on level 5 of the Dungeon.
You visited 1 branch of the dungeon, and saw 5 of its levels.

You collected 134 gold pieces.

Inventory:

Hand Weapons
 a - a +2 flail (weapon)
Armour
 b - a +0 chain mail (worn)
 c - a +0 buckler (worn)
Jewellery
 k - a +6 ring of intelligence (left hand)
Potions
 e - 2 potions of flight
 f - a potion of brilliance
 h - 4 potions of curing
 i - 2 potions of mutation {unknown}
 j - 2 potions of resistance {unknown}
 l - a potion of magic {unknown}
 m - a potion of lignification {unknown}


   Skills:
 + Level 7.2 Fighting
 + Level 6.1 Maces & Flails
 - Level 4.5 Armour
 + Level 5.6 Shields


You had 7 spell levels left.
You didn't know any spells.
Your spell library contained the following spells:

 Spells                   Type           Power      Damage    Failure   Level
 Necrotise                Necr           0%         1d4       96%         1
 Vampiric Draining        Necr           0%         2d6       100%        3
 Agony                    Necr           0%         N/A       100%        5


Dungeon Overview and Level Annotations

Branches:
Dungeon (5/15)
 Temple: D:4-7

Altars:
Gozag
Kikubaaqudgha
Ru
Uskayaw
Wu Jian
Xom
Yredelemnul
The Shining One

Annotations:
D:4 2 transporters, Menkaure


Innate Abilities, Weirdness & Mutations

You are immune to sickness and miasma.
Your stone body is resilient. (AC +5)
You are immune to poison.
You resist negative energy. (rN+)
You are resistant to electric shocks. (rElec)
You are resistant to unholy torment.
You are immune to petrification.


Message History

The gnoll sergeant barely misses you. The gnoll closely misses you.
The gnoll barely misses you. x2
You barely miss the gnoll sergeant.
The gnoll sergeant is almost dead.
The gnoll hits you with a +0 club. The gnoll hits you but does no damage.
The gnoll sergeant hits you but does no damage.
The gnoll hits you from afar with a +0 spear.
You barely miss the gnoll sergeant.
The gnoll sergeant is almost dead.
The gnoll sergeant hits you with a +1 spear of freezing!
The gnoll sergeant freezes you.
* * * LOW HITPOINT WARNING * * *
The gnoll hits you but does no damage. x3
You barely miss the gnoll sergeant.
The gnoll sergeant is almost dead.
The gnoll sergeant hits you with a +1 spear of freezing.
* * * LOW HITPOINT WARNING * * *
The gnoll sergeant freezes you.
* * * LOW HITPOINT WARNING * * *
The gnoll hits you from afar with a +0 spear.
* * * LOW HITPOINT WARNING * * *
The gnoll hits you but does no damage. The gnoll barely misses you.
You aren't carrying any scrolls.
You feel better. The gnoll hits you but does no damage.
The gnoll sergeant hits you but does no damage.
The gnoll closely misses you.
The gnoll hits you from afar with a +0 spear.
* * * LOW HITPOINT WARNING * * *
You hit the gnoll but do no damage.
The gnoll is almost dead.
The gnoll hits you but does no damage. You block the gnoll's attack.
The gnoll hits you but does no damage.
The gnoll sergeant hits you but does no damage.
You closely miss the gnoll.
The gnoll is almost dead.
You block the gnoll's attack.
The gnoll sergeant hits you with a +1 spear of freezing!
* * * LOW HITPOINT WARNING * * *
The gnoll sergeant freezes you.
You die...

............## .#
.........##..###.##
.......#.#>.......<
.#............###..
##.######.....##
### #.. #......##
.. #... #.......##
#.# #....
#.....#g.# ..#
...... #.....##@#
..# #.
#.....##g##..##...
#.....##gg......#.
#..########g.......
..# #...§≈≈≈≈≈≈ ..
#..g§......
gg...≈.≈≈≈≈≈
...g#..≈.≈..?≈
#..#.....≈.≈._.≈


You could see a gnoll sergeant and 4 gnolls.

Vanquished Creatures
  Pikel (D:4)
  2 black bears (D:4)
  A lemure (D:4)
  2 phantoms (D:4)
  2 scorpions
  A killer bee (D:4)
  An orc priest (D:4)
  2 iguanas
  4 adders
  An ufetubus (D:4)
  2 worms
  A dart slug (D:1)
  8 orcs
  7 endoplasms
  A giant cockroach (D:1)
  8 goblins
  10 hobgoblins
  4 jackals (D:2)
  9 kobolds
  2 quokkas (D:4)
  7 ball pythons
  5 bats
  4 frilled lizards
  6 rats
91 creatures vanquished.

Vanquished Creatures (others)
  21 plants
21 creatures vanquished.

Grand Total: 112 creatures vanquished

Notes
Turn   | Place    | Note
-------+----------+-------------------------------------------
     0 | D:1      | Ijustatesigmund the Gargoyle Fighter began the quest for
                  | the Orb.
     0 | D:1      | Reached XP level 1. HP: 14/14 MP: 1/1
    63 | D:1      | Reached XP level 2. HP: 19/19 MP: 2/2
   854 | D:2      | Reached XP level 3. HP: 24/24 MP: 3/3
   931 | D:2      | Reached skill level 4 in Fighting
   981 | D:2      | Found a faded altar of an unknown god.
  2335 | D:3      | Reached XP level 4. HP: 30/30 MP: 4/4
  3281 | D:4      | Reached XP level 5. HP: 6/34 MP: 5/5
  3609 | D:4      | Reached skill level 5 in Fighting
  3783 | D:4      | Found a transporter.
  3803 | D:4      | Found a basalt altar of Yredelemnul.
  3807 | D:4      | Noticed Menkaure
  3813 | D:4      | Found an ancient bone altar of Kikubaaqudgha.
  3816 | D:4      | Found a transporter.
  3824 | D:4      | Reached XP level 6. HP: 34/40 MP: 6/6
  3831 | D:4      | Noticed a black bear
  3839 | D:4      | Killed a black bear
  4189 | D:4      | Found a hide-covered altar of Uskayaw.
  4192 | D:4      | Found an opulent altar of Gozag.
  4248 | D:4      | Found a shimmering altar of Xom.
  4249 | D:4      | Found a glowing golden altar of the Shining One.
  4254 | D:4      | Found an ornate altar of the Wu Jian Council.
  4340 | D:4      | Identified the +1 leather armour of Makhleb's Hatred {*Slow
                  | rF+ Will+ rCorr Dex+8}
  4386 | D:4      | Noticed a black bear
  4396 | D:4      | Killed a black bear
  4397 | D:4      | Reached XP level 7. HP: 28/45 MP: 7/7
  4408 | D:4      | Reached skill level 6 in Fighting
  4408 | D:4      | Reached skill level 5 in Maces & Flails
  4730 | D:5      | Entered Level 5 of the Dungeon
  4731 | D:5      | Noticed Pikel
  4792 | D:4      | Killed Pikel
  4793 | D:4      | Reached skill level 7 in Fighting
  4793 | D:4      | Reached skill level 5 in Shields
  4793 | D:4      | Reached XP level 8. HP: 18/53 MP: 8/8
  5080 | D:5      | Found a sacrificial altar of Ru.
  5111 | D:5      | Slain by a gnoll sergeant

Illustrated notes

Levels and vault maps discovered:
D:1:      minmay_arrival_arboretum_small, layout_basic, minmay_misc_feat_tiny
D:2:      layout_basic, shapermc_ecumenical_altar_mp_highgroup, st_stairs_13
D:3:      cheibrodos_old_hovel, layout_basic
D:4:      cheibrodos_barr_body, layout_rooms, gammafunk_temple_of_torment,
          minitemple, minmay_lizard_king
D:5:      layout_rooms, vehumet_statue,
          mainiacjoe_overflow_concentric_impassable, serial_bayou_lagoon_a,
          uniq_pikel, uniq_sigmund

Skill      XL: |  1  2  3  4  5  6  7 |
---------------+----------------------+-----
Fighting       | 4 5 7 |  7.2
Maces & Flails | 3 4 6 |  6.1
Armour         | 4 |  4.5
Shields        | 5 |  5.6

Action                   |  1- 3 |  4- 6 |  7- 9 || total
-------------------------+-------+-------+-------++-------
Melee: Flail             |   134 |   139 |    84 ||   357
  Use: Scroll            |     6 |     3 |       ||     9
       Potion            |       |       |     3 ||     3
Armor: Scale mail        |    70 |    10 |       ||    80
       Chain mail        |       |    85 |    63 ||   148
Dodge: Dodged            |    66 |    55 |    42 ||   163
Block: Buckler           |    26 |    34 |    21 ||    81
